 Dungeon Crawl Stone Soup version 0.29.0-11-gd7f09526c8 (webtiles) character file.

Game seed: 7824853860197827136

44 RKaid the Shooter (level 3, 0/21 HPs)
             Began as a Deep Elf Hunter on Sept 3, 2022.
             Slain by an adder (2 damage)
             ... on level 2 of the Dungeon.
             The game lasted 00:03:54 (1226 turns).

RKaid the Shooter (Deep Elf Hunter)                 Turns: 1226, Time: 00:03:55

Health: 0/21       AC:  3    Str: 12    XL:     3   Next: 41%
Magic:  4/4        EV: 13    Int: 12    God:
Gold:   39         SH:  0    Dex: 19    Spells: 2/2 levels left

rFire   . . .      SeeInvis .   a - +0 shortbow
rCold   . . .      Faith    .   (shield currently unavailable)
rNeg    . . .      Spirit   .   c - +0 leather armour
rPois   .          Reflect  .   (no helmet)
rElec   .          Harm     .   (no cloak)
rCorr   .          Rampage  .   (no gloves)
Will    .....                   (no boots)
Stlth   ++........              (no amulet)
HPRegen 0.07/turn               (no ring)
MPRegen 0.09/turn               (no ring)

@: mighty, lethally poisoned (0 -> -2)
A: low MP 1, strong 1
a: no special abilities


You were on level 2 of the Dungeon.
You visited 1 branch of the dungeon, and saw 2 of its levels.

You collected 104 gold pieces.
You spent 65 gold pieces at shops.

Inventory:

Hand Weapons
 a - a +0 shortbow (weapon)
Armour
 c - a +0 leather armour (worn)
Magical Staves
 h - a staff of air {rElec}
   (You found it on level 1 of the Dungeon)
Scrolls
 b - a scroll of immolation {!r}
 i - a scroll of identify
 j - a scroll of enchant armour {unknown}
 k - a scroll of silence {unknown}
 l - a scroll of fog {unknown}
 t - a scroll of teleportation
Potions
 d - 2 potions of magic
 e - a potion of degeneration {unknown}
 g - a potion of brilliance
 m - a potion of haste {unknown}
 n - a potion of ambrosia {unknown}


   Skills:
 + Level 2.0 Fighting
 * Level 6.1 Ranged Weapons
 + Level 3.0 Dodging
 + Level 2.0 Stealth


You had 2 spell levels left.
You didn't know any spells.
Your spell library was empty.

Dungeon Overview and Level Annotations

Branches:
Dungeon (2/15)

Altars:

Shops:
D:1 (?=

Annotations:
D:2 Sigmund


Innate Abilities, Weirdness & Mutations

Your magical capacity is low. (-10% MP)
Your muscles are strong. (Str +4, Int/Dex -1)


Message History

The goblin shouts!
A goblin is nearby!
You shoot an arrow. The arrow barely misses the goblin.
You shoot an arrow. The arrow hits the goblin!
You kill the goblin!
Your Stealth skill increases to level 2!
A goblin comes into view. It is wielding a +0 dagger.
You shoot an arrow. The goblin shouts!
The arrow hits the goblin!
You kill the goblin!
No target in view!
No target in view!
No target in view!
No target in view!
No target in view!
No target in view!
No target in view!
You see here a +0 dagger.
Found an escape hatch in the floor.
A kobold comes into view. It is wielding a +0 short sword.
You shoot an arrow. The arrow hits the kobold.
You kill the kobold!
No target in view!
No target in view!
n - a golden potion
Things that are here:
a +0 short sword; a kobold corpse You now have enough gold to buy a scroll of identify on D:1.
You can access your shopping list by pressing '$'.
You now have 26 gold pieces (gained 9).
You now have 39 gold pieces (gained 13).
You see here a +0 dagger.
o - a fuming cyan potion An endoplasm comes into view.
You shoot an arrow. The arrow hits the endoplasm!
You kill the endoplasm!
No target in view!
No target in view!
No target in view!
No target in view!
Found a stone staircase leading up.
No target in view!
A goblin comes into view. It is wielding a +0 club.
You shoot an arrow. The arrow hits the goblin.
The goblin shouts!
You shoot an arrow. The arrow closely misses the goblin.
You shoot an arrow. The arrow barely misses the goblin.
You shoot an arrow. The arrow barely misses the goblin.
You shoot an arrow. The arrow barely misses the goblin.
An adder comes into view.
The goblin barely misses you.
You shoot an arrow. The arrow barely misses the goblin.
The adder hisses angrily.
The goblin completely misses you.
You shoot an arrow. The arrow closely misses the goblin.
The goblin hits you but does no damage.
You shoot an arrow. The arrow barely misses the goblin.
The goblin hits you with a +0 club.
You shoot an arrow. The arrow hits the goblin!
You kill the goblin!
A giant cockroach comes into view.
You shoot an arrow. The arrow misses the adder.
The adder barely misses you. x2
You shoot an arrow. The arrow hits the adder!
The adder bites you but does no damage.
The giant cockroach bites you but does no damage.
The adder bites you.
You shoot an arrow. The arrow misses the adder.
The adder bites you.
You are poisoned.
The adder poisons you!
The giant cockroach waves its antennae.
The giant cockroach bites you.
You shoot an arrow. The arrow misses the adder.
You feel sick. The adder bites you. The giant cockroach misses you.
The adder closely misses you. The giant cockroach closely misses you.
You are too injured to fight recklessly!
You are too injured to fight recklessly!
You are too injured to fight recklessly!
You are too injured to fight recklessly!
You are too injured to fight recklessly!
Fire: a) +0 shortbow
Press: ? - help, Q - select action Shift-Dir - straight line, f/p - adder
Aim: an adder (severely wounded, 51% to hit)
You shoot an arrow. The arrow completely misses the adder.
You feel sick. The adder bites you.
* * * LOW HITPOINT WARNING * * *
The giant cockroach bites you but does no damage.
The adder bites you.
* * * LOW HITPOINT WARNING * * *
It was a potion of might.
You feel very mighty all of a sudden.
* * * LOW HITPOINT WARNING * * *
You feel sick. The giant cockroach barely misses you.
The adder completely misses you.
The giant cockroach bites you but does no damage.
It was a potion of mutation.
You feel extremely strange.
You feel less energetic.
You feel stronger.
* * * LOW HITPOINT WARNING * * *
You feel sick. The adder bites you.
You die...

### #<# #.# ####.#
#....#
#############.#########.
...............B@S......
.......######.#########.
.......# #.# .......#
#.# ######## #.# #.# #.#
...


You could see an adder and a giant cockroach.

Vanquished Creatures
  A dart slug (D:1)
  3 ball pythons (D:1)
  4 bats (D:1)
  3 endoplasms
  2 giant cockroaches (D:1)
  4 goblins (D:2)
  4 hobgoblins
  7 jackals (D:1)
  A quokka (D:1)
  3 frilled lizards
  2 kobolds
  3 rats
37 creatures vanquished.

Notes
Turn   | Place    | Note
-------+----------+-------------------------------------------
     0 | D:1      | RKaid the Deep Elf Hunter began the quest for the Orb.
     0 | D:1      | Reached XP level 1. HP: 12/12 MP: 3/3
   112 | D:1      | Reached XP level 2. HP: 17/17 MP: 4/4
   255 | D:1      | Found a faded altar of an unknown god.
   298 | D:1      | Found Dufuep's Jewellery Shop.
   403 | D:1      | Found Fopsoc's Antique Weapon Boutique.
   405 | D:1      | Reached XP level 3. HP: 21/21 MP: 5/5
   485 | D:1      | Found Wimips's Magic Scroll Boutique.
   489 | D:1      | Bought a scroll of teleportation for 39 gold pieces
   489 | D:1      | Bought a scroll of identify for 26 gold pieces
   590 | D:1      | Reached skill level 3 in Dodging
   593 | D:1      | Reached skill level 6 in Ranged Weapons
   727 | D:2      | Reached skill level 2 in Fighting
   920 | D:2      | Noticed Sigmund
  1069 | D:2      | Reached skill level 2 in Stealth
  1224 | D:2      | HP: 5/21 [adder (2)]
  1226 | D:2      | Gained mutation: Your magical capacity is low. (-10% MP)
                  | [potion of mutation]
  1226 | D:2      | Gained mutation: Your muscles are strong. (Str +4, Int/Dex
                  | -1) [potion of mutation]
  1226 | D:2      | HP: 2/21 [poisoned by an adder]
  1226 | D:2      | Slain by an adder

Illustrated notes

Levels and vault maps discovered:
D:1:      minmay_arrival_four_circles, layout_loops_ring,
          hellmonk_ecumenical_altar_arch_garden, serial_shops,
          nicolae_shop_statue_plus, shop, shop, minmay_octomino_c4
D:2:      layout_basic, basic_altar, uniq_sigmund

Skill      XL: |  1  2  3 |
---------------+----------+-----
Dodging        | 3 |  3.0
Ranged Weapons | 6 |  6.1
Fighting       | 2 |  2.0
Stealth        | 2 |  2.0

Action                   || total
-------------------------++-------
 Fire: Shortbow          ||    84
  Use: Scroll            ||     2
       Potion            ||     2
Armor: Leather armour    ||    13
Dodge: Dodged            ||    22

Table legend: (Time is in decaauts)
 A = Elapsed time spent in this place.
 B = Non-inter-level travel time spent in this place.
 C = Inter-level travel time spent in this place.
 D = Time resting spent in this place.
 E = Time spent auto-exploring this place.
 F = Levels seen in this place.
 G = Mean time per level.
                   A        B        C        D        E       F      G
               +--------+--------+--------+--------+--------+-----+--------+
         Total |   1247 |   1213 |     34 |      0 |   1021 |   2 |  623.5 |
       Dungeon |   1247 |   1213 |     34 |      0 |   1021 |   2 |  623.5 |
               +--------+--------+--------+--------+--------+-----+--------+

Top non-repeatable levels by time:
     D:1: 764 daAuts
     D:2: 483 daAuts

Table legend:
 A = Kills in this place as a percentage of kills in entire the game.
 B = Kills by you in this place as a percentage of kills by you in the entire game.
 C = Kills by friends in this place as a percentage of kills by friends in the entire game.
 D = Other kills in this place as a percentage of other kills in the entire game.
 E = Experience gained in this place as a percentage of experience gained in the entire game.
 F = Experience gained in this place divided by the number of levels of this place that you have seen.
                   A       B       C       D       E      F
               +-------+-------+-------+-------+-------+----------------------
         Total | 100.0 | 100.0 |   N/A |   N/A | 100.0 |  32.0
       Dungeon | 100.0 | 100.0 |   N/A |   N/A | 100.0 |  32.0
               +-------+-------+-------+-------+-------+----------------------
